 Dungeon Crawl Stone Soup version 0.19-a0-1720-gc855d72 (webtiles) character file.

23248 Amnesiac the Thaumaturge (level 12, -27/64 HPs)
             Began as a Deep Elf Enchanter on Sept 29, 2016.
             Was an Initiate of Gozag.
             Annihilated by ThereIsNoGod's ghost (30 damage)
             ... in an ice cave.
             The game lasted 00:31:26 (14303 turns).

Amnesiac the Thaumaturge (Deep Elf Enchanter)      Turns: 14303, Time: 00:31:27

Health: -27/64     AC: 12    Str:  5    XL:     12   Next: 70%
Magic:  29/32      EV: 21    Int: 22    God:    Gozag
Gold:   1382       SH:  8    Dex: 27    Spells: 8 memorised, 19 levels left

rFire  . . .     SeeInvis .     C - +2 dagger (venom)
rCold  . . .     Gourm    .     b - +2 robe {rN+}
rNeg   + + .     Faith    .     y - +1 buckler
rPois  +         Spirit   .     v - +2 helmet
rElec  .         Dismiss  .     G - +1 cloak {MR+}
rCorr  .         Reflect  .     B - +0 pair of gloves {Dex+3}
MR     ++...     Harm     .     g - +0 pair of boots
Stlth  +++++++...               (no amulet)
                                H - ring of positive energy
                                o - ring of poison resistance

@: agile, very slightly contaminated, repel missiles, invisible
A: no striking features
a: Potion Petition, Call Merchant, Bribe Branch, Renounce Religion


You were in an ice cave.
You worshipped Gozag.
Gozag was most pleased with you.
You were not hungry.

You visited 3 branches of the dungeon, and saw 14 of its levels.
You also visited: Ice Cave.

You collected 2743 gold pieces.
You spent 485 gold pieces at shops.
You paid 876 gold pieces to Gozag.

Inventory:

Hand Weapons
 C - a +2 dagger of venom (weapon)
Missiles
 c - 2 throwing nets (quivered)
Armour
 b - a +2 robe of positive energy (worn)
 g - a +0 pair of boots (worn)
 v - a +2 helmet (worn)
 y - a +1 buckler (worn)
 B - a +0 pair of gloves of dexterity (worn)
 G - a +1 cloak of magic resistance (worn)
 P - a +0 hat of intelligence
Jewellery
 l - an uncursed ring of protection from cold
 o - a ring of poison resistance (left hand)
 x - an uncursed amulet of guardian spirit
 H - a ring of positive energy (right hand)
Wands
 a - a wand of lightning (10/15)
 E - a wand of confusion (26/48)
 F - a wand of acid (6/15)
Scrolls
 j - a scroll of enchant weapon
 k - 3 scrolls of recharging
 m - 2 scrolls of teleportation
 t - a scroll of enchant armour
 u - a scroll of fog
 A - 3 scrolls of amnesia
 M - a scroll of magic mapping
Potions
 e - a potion of invisibility
 f - 7 potions of brilliance
 h - a potion of berserk rage
 i - a potion of ambrosia
 n - 2 potions of curing
 r - 2 potions of flight
 w - 4 potions of magic
 D - a potion of resistance
 K - a potion of agility
 L - 2 potions of cancellation
 N - a potion of haste
Comestibles
 d - 5 bread rations
 z - 3 royal jellies


   Skills:
 - Level 3.0 Fighting
 - Level 6.0 Short Blades
 - Level 4.0 Dodging
 - Level 14.1 Stealth
 - Level 4.0 Shields
 + Level 14.6 Spellcasting
 + Level 14.6 Hexes


You had 19 spell levels left.
You knew the following spells:

 Your Spells              Type           Power        Failure   Level  Hunger
a - Repel Missiles        Chrm/Air       ###...       8%          2    None
b - Dazzling Spray        Conj/Hex       #####.       1%          3    None
c - Swiftness             Chrm/Air       ###.....     8%          2    None
d - Mephitic Cloud        Conj/Pois/Air  ###.....     12%         3    None
e - Confuse               Hex            ######..     1%          3    None
f - Ensorcelled Hibernat  Hex/Ice        #####.       1%          2    None
s - Conjure Flame         Conj/Fire      ###.....     12%         3    None
w - Tukima's Dance        Hex            ######..     1%          3    None


Dungeon Overview and Level Annotations

Branches:
Dungeon (9/15)             Temple (1/1) D:7            Lair (4/6) D:9
  Swamp (0/4) Lair:3        Snake (0/4) Lair:3
    Orc: D:9-12

Altars:
Ashenzari
Cheibriados
Dithmenos
Elyvilon
Fedhas
Gozag
Hepliaklqana
Kikubaaqudgha
Makhleb
Nemelex Xobeh
Okawaru
Qazlal
Ru
Sif Muna
Trog
Uskayaw
Vehumet
Xom
Yredelemnul
Zin
The Shining One

Shops:
D:9 [*

Annotations:
D:4 Xiguana's ghost, amateur DsCK IceCv ThereIsNoGod's ghost, adept MiGl


Message History

Confirm with . or Enter, or press ? or * to list all spells.
Aiming: Confuse
Press: ? - help, Shift-Dir - straight line, f - ThereIsNoGod's ghost
Aim: ThereIsNoGod's ghost, wielding a vorpal weapon (lightly damaged, chance to defeat MR: 13%) ThereIsNoGod's ghost resists with almost no effort.
ThereIsNoGod's ghost hits you!!
* * * LOW HITPOINT WARNING * * *
x2 Unknown command.
Okay, then.
Unknown command.
Okay, then.
Okay, then. [a] - 375 gold - flight, agility and invisibility [b] - 252 gold - invisibility and agility [c] - 330 gold - flight, agility and invisibility Purchase which effect?
You fade into invisibility!
You feel more agile all of a sudden. ThereIsNoGod's ghost hits you!!
You die...
Your body crumbles into a pile of gold.

###########
#.........#
#....∩@W..#
#.....Y...#
#.........#
#....∩....#
##.......##
##.....##
###.### ...
....


You could see an ice beast and ThereIsNoGod's ghost.

Vanquished Creatures
  Gastronok (Lair:3)
  3 hydras
  An ice dragon (Lair:4)
  The ghost of Lochraine the Nimble, a journeyman MfGl of Hepliaklqana (Lair:1)
  Erica (D:9)
  The ghost of kae the Carver, a novice FoFi of Ru (D:7)
  2 cyclopes
  A black mamba (Lair:2)
  3 elephants (Lair:3)
  6 spiny frogs
  A rime drake (Lair:2)
  A komodo dragon (Lair:1)
  A troll (D:9)
  5 polar bears
  The ghost of Xiguana the Skirmisher, an amateur DsCK of Xom (D:5)
  Grinder (D:3)
  A two-headed ogre (D:8)
  4 blink frogs (Lair:2)
  6 hippogriffs
  A wraith (D:8)
  10 yaks
  A soldier ant (D:8)
  4 nagas (Lair:3)
  8 porcupines
  6 water moccasins
  2 orc warriors
  A wasp (D:8)
  3 ice beasts
  2 sky beasts
  An eye of draining (D:8)
  2 necrophages
  4 ogres
  A centaur (D:9)
  5 wolves (Lair:1)
  7 crocodiles
  A big kobold (D:7)
  9 bullfrogs
  5 scorpions
  3 wights (D:6)
  A bullfrog zombie (D:6)
  6 crimson imps
  5 hounds
  2 bullfrog skeletons
  A jelly (D:7)
  3 orc wizards
  3 orc priests
  Jessica (D:2)
  3 centaur skeletons
  6 iguanas
  5 hell rats (Lair:3)
  10 worker ants
  A hound zombie (D:6)
  A hound skeleton (D:5)
  A worker ant zombie (D:7)
  Robin (D:2)
  22 gnolls
  A howler monkey skeleton (D:6)
  7 adders
  43 river rats
  3 shadow imps
  An ooze (D:2)
  5 worms
  A dart slug (D:3)
  The ghost of Amnesiac the Vexing, a weakling DEEn (D:3)
  7 leopard geckos
  14 orcs
  5 giant cockroaches
  13 goblins
  19 hobgoblins
  2 jackals (D:4)
  11 kobolds
  2 quokkas
  9 bats
  7 frilled lizards
  A jackal zombie (D:5)
  2 quokka skeletons
  A quokka zombie (D:7)
  11 rats
  3 fungi
358 creatures vanquished.

Vanquished Creatures (collateral kills)
  A gnoll (D:5)
1 creature vanquished.

Vanquished Creatures (others)
  A dancing weapon (D:5)
  4 fungi (Lair:3)
  2 plants (Lair:3)
7 creatures vanquished.

Grand Total: 366 creatures vanquished

Notes
Turn   | Place    | Note
-------+----------+-------------------------------------------
     0 | D:1      | Amnesiac the Deep Elf Enchanter began the quest for the Orb.
     0 | D:1      | Reached XP level 1. HP: 10/10 MP: 6/6
   517 | D:1      | Reached XP level 2. HP: 11/15 MP: 6/8
   529 | D:1      | Learned a level 2 spell: Ensorcelled Hibernation
   663 | D:2      | Noticed Jessica
   694 | D:2      | Killed Jessica
   694 | D:2      | Reached XP level 3. HP: 19/19 MP: 6/9
   699 | D:2      | Learned a level 3 spell: Confuse
   700 | D:2      | Found a blossoming altar of Fedhas.
   742 | D:2      | Reached skill level 5 in Stealth
  1238 | D:4      | Noticed a scorpion
  1244 | D:4      | Killed a scorpion
  1244 | D:4      | Reached XP level 4. HP: 19/24 MP: 7/10
  1336 | D:4      | Reached XP level 5. HP: 28/28 MP: 0/11
  1388 | D:4      | Noticed Xiguana's ghost (amateur DsCK)
  1401 | D:3      | Noticed Amnesiac's ghost (weakling DEEn)
  1553 | D:5      | Entered Level 5 of the Dungeon
  1572 | D:5      | Learned a level 3 spell: Tukima's Dance
  1591 | D:5      | Noticed Xiguana's ghost (amateur DsCK)
  1752 | D:5      | Reached skill level 5 in Hexes
  1968 | D:5      | Killed Xiguana's ghost
  1968 | D:5      | Reached XP level 6. HP: 16/32 MP: 1/12
  2048 | D:5      | Learned a level 3 spell: Dazzling Spray
  2325 | D:5      | Found a snail-covered altar of Cheibriados.
  2471 | D:5      | Reached XP level 7. HP: 36/36 MP: 13/13
  4222 | D:6      | Reached skill level 10 in Stealth
  4299 | D:6      | Reached XP level 8. HP: 32/41 MP: 8/14
  4401 | D:6      | Found a shimmering altar of Xom.
  4783 | D:7      | Found a sacrificial altar of Ru.
  4802 | D:7      | Found a shattered altar of Ashenzari.
  4825 | D:7      | Noticed kae's ghost (novice FoFi)
  4876 | D:7      | Killed kae's ghost
  5079 | D:7      | Reached XP level 9. HP: 18/45 MP: 2/15
  5693 | D:7      | Found a stormy altar of Qazlal.
  5707 | D:7      | Found a hazy altar of Hepliaklqana.
  5719 | D:7      | Reached skill level 10 in Hexes
  5778 | D:7      | Found a staircase to the Ecumenical Temple.
  5798 | Temple   | Entered the Ecumenical Temple
  5809 | Temple   | Became a worshipper of Gozag Ym Sagoz the Greedy
  6134 | D:2      | Noticed Robin
  6355 | D:2      | Killed Robin
  7373 | D:3      | Killed Amnesiac's ghost
  7467 | D:3      | Noticed Grinder
  7487 | D:3      | Killed Grinder
  7963 | D:7      | Found a glowing golden altar of the Shining One.
  8128 | D:7      | Reached skill level 1 in Shields
  8360 | D:8      | Noticed a cyclops
  8836 | D:8      | Reached XP level 10. HP: 50/50 MP: 16/16
  9085 | D:8      | Killed a cyclops
  9410 | D:9      | Found a staircase to the Lair.
  9437 | D:9      | Noticed Erica
  9459 | D:9      | Killed Erica
  9520 | D:9      | Found Xaxiod's Assorted Antiques.
  9560 | D:9      | Bought a tapered glass wand for 104 gold pieces
  9884 | D:9      | Found a shimmering altar of Xom.
 10040 | D:9      | Noticed a cyclops
 10045 | D:9      | Killed a cyclops
 10045 | D:9      | Reached skill level 5 in Spellcasting
 10146 | D:9      | Found a burning altar of Makhleb.
 10387 | D:9      | Bought a pair of glowing gloves for 121 gold pieces
 10392 | D:9      | Bought a glowing cloak for 121 gold pieces
 10404 | D:9      | Bought a glowing robe for 18 gold pieces
 10408 | D:9      | Bought a pair of embroidered gloves for 121 gold pieces
 10459 | Lair:1   | Entered Level 1 of the Lair of Beasts
 10473 | Lair:1   | Learned a level 2 spell: Repel Missiles
 10477 | Lair:1   | Learned a level 2 spell: Swiftness
 10498 | Lair:1   | Reached XP level 11. HP: 60/60 MP: 15/23
 10609 | Lair:1   | Reached skill level 5 in Short Blades
 10859 | Lair:1   | Noticed Lochraine's ghost (journeyman MfGl)
 10887 | Lair:1   | Killed Lochraine's ghost
 11510 | Lair:2   | Reached skill level 10 in Spellcasting
 11748 | Lair:2   | Noticed a four-headed hydra
 11760 | Lair:2   | Killed a four-headed hydra
 12251 | Lair:3   | Noticed Gastronok
 12288 | Lair:3   | Killed Gastronok
 12288 | Lair:3   | Reached XP level 12. HP: 33/64 MP: 14/31
 12340 | Lair:3   | Noticed a seven-headed hydra
 12576 | Lair:3   | Learned a level 3 spell: Mephitic Cloud
 12580 | Lair:3   | Learned a level 3 spell: Conjure Flame
 12731 | Lair:3   | Found a staircase to the Swamp.
 13037 | Lair:3   | Killed a seven-headed hydra
 13177 | Lair:3   | HP: 3/64 [poisoned by a spiny frog]
 13406 | Lair:3   | Found a staircase to the Snake Pit.
 13615 | Lair:3   | Noticed a seven-headed hydra
 13708 | Lair:3   | Killed a seven-headed hydra
 13713 | Lair:3   | HP: 2/64 [bullfrog (8)]
 14234 | Lair:4   | Found a frozen archway.
 14234 | Lair:4   | Noticed an ice dragon
 14257 | Lair:4   | Killed an ice dragon
 14289 | IceCv    | Entered an ice cave
 14289 | IceCv    | Noticed ThereIsNoGod's ghost (adept MiGl)
 14301 | IceCv    | HP: 2/64 [ThereIsNoGod's ghost (4)]
 14303 | IceCv    | Annihilated by ThereIsNoGod's ghost

Vault maps used:
D:1:      mrwooster_arrival_statue
D:2:      old_standard_altar, uniq_jessica, uniq_robin
D:3:      uniq_grinder
D:4:      serial_forest, infiniplex_forest_lined_ring,
          infiniplex_forest_clump_tiny, infiniplex_forest_straight_4,
          infiniplex_forest_corner_1, infiniplex_forest_end_3,
          infiniplex_forest_end_double, infiniplex_forest_clump_diagonal,
          infiniplex_forest_side_room, kennysheep_cross_bottleneck
D:5:      cheibriados_altar_1, serial_glass, glass_columns_b, glass_columns_a,
          first_bread
D:6:      minmay_crystal_room, serial_park_tiny_2, tgw_xom
D:7:      nicolae_overflow_quartered_altars, tso_altar
D:8:      hangedman_pestilent_swarm, hangedman_decor_opposing
D:9:      nicolae_overflow_hidden_temple, due_lair_maze_entry_diamond,
          serial_shops, shop, bloody_makhleb, uniq_erica
Temple:   eino_temple_water
Lair:1:   infiniplex_staircase_pool, grunt_megastairs_2
Lair:3:   swamp_mist_pool, minmay_snake_entry_guardpost_medium,
          grunt_megastairs_4, serial_bayou_shore_b, uniq_gastronok
Lair:4:   portal_ice_cave_entry_animals_and_master, st_stairs_10
IceCv:    ice_cave_statue_garden_chambered

Skill      XL: |  1  2  3  4  5  6  7  8  9 10 11 12 |
---------------+-------------------------------------+-----
Short Blades   | 2 3 4 6 |  6.0
Stealth        | 4 6 7 10 13 14 | 14.1
Hexes          | 7 8 11 13 14 | 14.6
Shields        | 4 |  4.0
Fighting       | 3 |  3.0
Dodging        | 4 |  4.0
Spellcasting   | 7 13 14 | 14.6

Action                   |  1- 3 |  4- 6 |  7- 9 | 10-12 || total
-------------------------+-------+-------+-------+-------++-------
Melee: Dagger            |    49 |    53 |   548 |   447 ||  1097
Throw: Throwing net      |       |       |     3 |       ||     3
 Cast: Corona            |     7 |       |       |       ||     7
       Ensorcelled Hiber |    17 |    21 |    62 |   178 ||   278
       Confuse           |       |     9 |    34 |    36 ||    79
       Tukima's Dance    |       |     2 |       |       ||     2
       Repel Missiles    |       |       |       |     1 ||     1
       Dazzling Spray    |       |       |       |     6 ||     6
       Conjure Flame     |       |       |       |     1 ||     1
Invok: Call Merchant     |       |       |       |     1 ||     1
       Potion Petition   |       |       |       |     2 ||     2
  Use: Scroll            |     1 |     5 |     7 |    14 ||    27
       Potion            |       |       |       |     3 ||     3
 Stab: Sleeping          |    17 |    20 |    71 |   118 ||   226
       Distracted        |     1 |       |     3 |     4 ||     8
       Confused          |       |     5 |    20 |    20 ||    45
       Invisible         |       |       |       |     9 ||     9
  Eat: Chunk             |     2 |     6 |     5 |       ||    13
       Pizza             |       |       |     1 |       ||     1
       Meat ration       |       |       |     2 |     1 ||     3
       Bread ration      |       |       |     2 |       ||     2
       Fruit             |       |       |       |     6 ||     6
       Royal jelly       |       |       |       |     6 ||     6
Armor: Robe              |    18 |    14 |   129 |   100 ||   261
Dodge: Dodged            |    48 |    27 |   287 |   259 ||   621
Block: Buckler           |       |       |     2 |   154 ||   156
